 Dungeon Sprint DCSS version 0.27.1-3-gb3d3a73c9e (webtiles) character file.

Game seed: 12422806675904216928

9300000 raph the Champion of Chaos (level 27, -111/409 HPs)
             Began as a Hill Orc Warper on Oct 9, 2021.
             Was the Champion of Makhleb.
             Annihilated by a destroyer (165 damage)
             ... in the Dungeon (Sprint VIII: "Arena of Blood").
             The game lasted 00:05:21 (93 turns).

raph the Champion of Chaos (Hill Orc Warper)          Turns: 93, Time: 00:05:21

Health: -111/409   AC:  6    Str: 18    XL:     27
Magic:  23/54      EV: 31    Int: 13    God:    Makhleb [******]
Gold:   0          SH:  0    Dex: 19    Spells: 80/80 levels left

rFire    . . .     SeeInvis .   j - +∞ Axe of Woe
rCold    . . .     Faith    .   (shield currently unavailable)
rNeg     . . .     Spirit   .   b - +0 leather armour
rPois    .         Reflect  .   (no helmet)
rElec    .         Harm     .   (no cloak)
rCorr    .         Rampage  .   (no gloves)
Will     ++...     NoTele   +   (no boots)
Stlth    ..........             (no amulet)
HPRegen  0.78/turn              n - +250 ring of slaying
MPRegen  0.34/turn              m - +200 ring of slaying

@: berserking, hasted and slowed
A: no striking features
a: Renounce Religion, Minor Destruction, Lesser Servant of Makhleb, Major
Destruction, Greater Servant of Makhleb


You were in the Dungeon.
You worshipped Makhleb.
Makhleb was exalted by your worship.
You visited 1 branch

Inventory:

Hand Weapons
 a - a +0 hand axe
 j - the +∞ Axe of Woe (weapon)
   (You found it in the Dungeon)
Missiles
 d - 5 boomerangs of dispersal (quivered)
Armour
 b - a +0 leather armour (worn)
Jewellery
 c - a ring of protection from fire
 k - a +30 ring of slaying
 l - a +30 ring of slaying
 m - a +200 ring of slaying (right hand)
 n - a +250 ring of slaying (left hand)
Potions
 e - a potion of curing
 h - 2 potions of magic


   Skills:
 O Level 27 Fighting
 O Level 27 Short Blades
 O Level 27 Long Blades
 O Level 27 Axes
 O Level 27 Maces & Flails
 O Level 27 Polearms
 O Level 27 Staves
 O Level 27 Slings
 O Level 27 Bows
 O Level 27 Crossbows
 O Level 27 Throwing
 O Level 27 Armour
 O Level 27 Dodging
 O Level 27 Stealth
 O Level 27 Shields
 O Level 27 Unarmed Combat
 O Level 27 Spellcasting
 O Level 27 Conjurations
 O Level 27 Hexes
 O Level 27 Summonings
 O Level 27 Necromancy
 O Level 27 Translocations
 O Level 27 Transmutations
 O Level 27 Fire Magic
 O Level 27 Ice Magic
 O Level 27 Air Magic
 O Level 27 Earth Magic
 O Level 27 Poison Magic
 O Level 27 Invocations
 O Level 27 Evocations


You had 80 spell levels left.
You didn't know any spells.
Your spell library contained the following spells:

 Spells                   Type           Power      Damage    Failure   Level
 Blink                    Tloc           N/A        N/A       0%          2
 Gell's Gravitas          Tloc           36%        N/A       0%          3
 Lesser Beckoning         Tloc           36%        N/A       0%          3
 Teleport Other           Tloc           73%        N/A       0%          3
 Manifold Assault         Tloc           73%        N/A       0%          5


Dungeon Overview and Level Annotations

Branches:
Dungeon (1/1)

Altars:
Makhleb


Message History

The meat berserker convulses!
The large bag of meat convulses!
Flame seeps out of the large bag of meat.
The meat berserker convulses!
The bag of meat convulses!
The meat berserker convulses!
The bag of meat convulses! x2
The large bag of meat is engulfed in blazing flames.
You hear a shout!
You carve the destroyer like a ham!!!!!
You slaughter the destroyer joyfully.
You destroy the destroyer!
Makhleb accepts your kill.
You feel better.
The meat berserker hits the bag of meat with a +9 battleaxe!!
You hear a shout!
The tyrant waves its bony arms in wide circles.
The air twists around and strikes you!!!
* * * LOW HITPOINT WARNING * * *
You hear a shout!
The destroyer blinks!
The tyrant casts a spell.
A bag of meat comes into view. It is wielding a +9 war axe.
You hear a shout! x2
The large abomination is engulfed in blazing flames.
You hear a shout!
The bag of meat is engulfed in blazing flames.
The large abomination is engulfed in blazing flames.
You hear a shout!
A red film seems to cover your vision as you go berserk!
You feel yourself moving faster!
You feel mighty!
The bag of meat shouts!
The tyrant waves its bony arms in wide circles.
The air twists around and strikes you!!!
* * * LOW HITPOINT WARNING * * *
You hear a shout! x2
The meat berserker hits something with a +9 battleaxe!!!
The accursed gestures at you while chanting.
Something smites you!
* * * LOW HITPOINT WARNING * * *
The meat berserker rages.
You hear a shout! x4
The destroyer hits you with a +9 vorpal great sword!!!!!
You die...

#........# .......
#.........#.o.....
#..........o.o....
#.o.§.M...#LM.O..#
#OVWo#.ooo.M.{X...
#zoz.##o..o..W#.X.
#OWoX.#.o°oM#X{...
#@XL..o#O#)......M
#)V2..#Oo§oX#.....
#.XO.#oXM○XX..#...
#....#.XX☼XM......
#..oo.....XX.....#
#....LXV..X..2....
#......X..........
#......o..#...V...
........#.#.#....


You could see 2 accurseds, 2 tentacled monstrosities, a meat beast (fast), 2
tyrants, 3 destroyers, 2 sculptors of flesh, 5 large abominations, 2 dreads, 4
meat berserkers and 11 bags of meat.

Vanquished Creatures
  5 hell beasts (D)
  4 royal mummies (D)
  13 vampire knights (D)
  25 ogres (D)
  6 two-headed ogres (D)
  3 liches (D)
  53 orcs (D)
  3 phantoms (D)
  8 skeletal warriors (D)
120 creatures vanquished.

Notes
Turn   | Place    | Note
-------+----------+-------------------------------------------
     0 | D        | Found the +∞ Axe of Woe
     0 | D        | raph the Hill Orc Warper began the quest for the Orb.
     0 | D        | Reached XP level 1. HP: 18/18 MP: 3/3
     1 | D        | Noticed a bag of meat
     2 | D        | Noticed a meat berserker
     3 | D        | Became a worshipper of Makhleb the Destroyer
     3 | D        | Noticed a bag of meat
     5 | D        | Noticed a bag of meat
     6 | D        | Noticed a meat berserker
     6 | D        | Noticed a bag of meat
     7 | D        | Killed a bag of meat
     7 | D        | Noticed a bag of meat
     7 | D        | Noticed a bag of meat
     7 | D        | Noticed a bag of meat
     7 | D        | Noticed a bag of meat
     7 | D        | Noticed a bag of meat
     8 | D        | Reached XP level 2. HP: 42/42 MP: 3/12
     8 | D        | Reached XP level 3. HP: 49/49 MP: 3/13
     8 | D        | Reached XP level 4. HP: 57/57 MP: 3/15
     8 | D        | Reached XP level 5. HP: 63/63 MP: 3/16
     8 | D        | Reached XP level 6. HP: 71/71 MP: 3/18
     8 | D        | Reached XP level 7. HP: 78/78 MP: 3/19
     8 | D        | Reached XP level 8. HP: 85/85 MP: 3/21
     8 | D        | Reached XP level 9. HP: 92/92 MP: 3/22
     8 | D        | Reached XP level 10. HP: 100/100 MP: 3/23
     8 | D        | Reached XP level 11. HP: 105/105 MP: 3/24
     8 | D        | Reached XP level 12. HP: 113/113 MP: 3/25
     8 | D        | Killed a bag of meat
     8 | D        | Reached * piety under Makhleb
     8 | D        | Killed a meat berserker
     8 | D        | Noticed a bag of meat
     8 | D        | Noticed a bag of meat
     9 | D        | Reached skill level 15 in Armour
     9 | D        | Reached XP level 13. HP: 130/130 MP: 3/28
     9 | D        | Reached XP level 14. HP: 138/138 MP: 3/29
     9 | D        | Killed a meat berserker
     9 | D        | Noticed a meat berserker
     9 | D        | Noticed a meat berserker
    10 | D        | Reached XP level 15. HP: 150/150 MP: 3/32
    10 | D        | Reached ** piety under Makhleb
    10 | D        | Noticed a meat berserker
    11 | D        | Reached skill level 27 in Axes
    11 | D        | Reached skill level 15 in Throwing
    11 | D        | Reached skill level 27 in Invocations
    11 | D        | Reached XP level 16. HP: 160/160 MP: 3/33
    12 | D        | Reached skill level 15 in Dodging
    12 | D        | Noticed a meat berserker
    15 | D        | Reached *** piety under Makhleb
    15 | D        | Killed a meat berserker
    15 | D        | Killed a meat berserker
    15 | D        | Reached **** piety under Makhleb
    16 | D        | Reached skill level 27 in Fighting
    16 | D        | Reached XP level 17. HP: 191/191 MP: 4/34
    16 | D        | Reached XP level 18. HP: 200/200 MP: 4/35
    17 | D        | Killed a meat berserker
    17 | D        | Noticed a meat berserker
    18 | D        | Reached skill level 27 in Armour
    18 | D        | Reached XP level 19. HP: 207/207 MP: 4/36
    18 | D        | Killed a meat berserker
    18 | D        | Reached ***** piety under Makhleb
    18 | D        | Noticed a large bag of meat
    19 | D        | Reached skill level 27 in Throwing
    19 | D        | Reached skill level 27 in Dodging
    20 | D        | Noticed a destroyer
    21 | D        | Reached skill level 15 in Stealth
    21 | D        | Reached XP level 20. HP: 216/216 MP: 5/37
    21 | D        | Noticed a destroyer
    22 | D        | Killed a destroyer
    23 | D        | Noticed a large bag of meat
    24 | D        | Reached skill level 27 in Stealth
    24 | D        | Reached XP level 21. HP: 224/224 MP: 5/38
    24 | D        | Killed a large bag of meat
    24 | D        | Killed a meat berserker
    24 | D        | Reached ****** piety under Makhleb
    24 | D        | Noticed a meat berserker
    25 | D        | Reached skill level 15 in Maces & Flails
    25 | D        | Reached skill level 15 in Polearms
    25 | D        | Reached XP level 22. HP: 190/233 MP: 6/39
    25 | D        | Noticed a large bag of meat
    25 | D        | Noticed a destroyer
    28 | D        | Reached skill level 15 in Slings
    29 | D        | Killed a destroyer
    29 | D        | Killed a destroyer
    30 | D        | Reached XP level 23. HP: 240/240 MP: 7/45
    31 | D        | Reached XP level 24. HP: 249/249 MP: 7/45
    32 | D        | Killed a large bag of meat
    33 | D        | Reached skill level 27 in Maces & Flails
    33 | D        | Reached skill level 27 in Polearms
    33 | D        | Reached skill level 27 in Unarmed Combat
    33 | D        | Reached XP level 25. HP: 215/257 MP: 7/49
    34 | D        | Killed a large bag of meat
    35 | D        | Reached skill level 27 in Slings
    39 | D        | Reached skill level 27 in Translocations
    40 | D        | Reached skill level 27 in Spellcasting
    40 | D        | Reached skill level 27 in Staves
    40 | D        | Reached skill level 10 in Evocations
    40 | D        | Reached XP level 26. HP: 266/266 MP: 9/54
    42 | D        | Noticed a destroyer
    43 | D        | Noticed a large bag of meat
    44 | D        | Reached XP level 27. HP: 273/273 MP: 10/54
    44 | D        | Noticed a destroyer
    44 | D        | Noticed a destroyer
    45 | D        | Noticed a destroyer
    46 | D        | Reached skill level 15 in Short Blades
    46 | D        | Killed a destroyer
    47 | D        | Killed a destroyer
    47 | D        | Noticed an accursed
    48 | D        | Reached skill level 27 in Evocations
    48 | D        | Noticed an accursed
    50 | D        | Noticed a destroyer
    51 | D        | Reached skill level 27 in Short Blades
    51 | D        | Reached skill level 27 in Long Blades
    51 | D        | Reached skill level 27 in Bows
    51 | D        | Reached skill level 5 in Conjurations
    51 | D        | Reached skill level 5 in Hexes
    51 | D        | Reached skill level 5 in Summonings
    51 | D        | Reached skill level 5 in Necromancy
    51 | D        | Reached skill level 5 in Fire Magic
    51 | D        | Reached skill level 5 in Earth Magic
    51 | D        | Killed a large bag of meat
    51 | D        | Killed a destroyer
    51 | D        | Noticed a tyrant
    51 | D        | Noticed a tyrant
    52 | D        | Reached skill level 10 in Transmutations
    53 | D        | Killed a destroyer
    54 | D        | Reached skill level 15 in Conjurations
    54 | D        | Reached skill level 15 in Hexes
    54 | D        | Reached skill level 15 in Summonings
    54 | D        | Reached skill level 15 in Necromancy
    54 | D        | Reached skill level 15 in Earth Magic
    55 | D        | Noticed a tyrant
    56 | D        | Killed a tyrant
    57 | D        | Reached skill level 15 in Ice Magic
    57 | D        | Reached skill level 15 in Poison Magic
    57 | D        | Noticed an accursed
    57 | D        | Noticed an accursed
    58 | D        | Noticed a destroyer
    58 | D        | Noticed a destroyer
    58 | D        | Noticed a destroyer
    58 | D        | Noticed an accursed
    59 | D        | Noticed a meat beast
    59 | D        | Noticed an accursed
    60 | D        | Reached skill level 15 in Air Magic
    60 | D        | Noticed a destroyer
    60 | D        | Noticed a destroyer
    60 | D        | Noticed a tyrant
    60 | D        | Noticed a meat beast
    60 | D        | Noticed an accursed
    61 | D        | Noticed a large bag of meat
    62 | D        | Killed a destroyer
    63 | D        | Reached skill level 15 in Transmutations
    63 | D        | Noticed a large bag of meat
    63 | D        | Noticed a large bag of meat
    64 | D        | Killed a destroyer
    64 | D        | Killed a destroyer
    65 | D        | Killed a destroyer
    66 | D        | Killed a meat beast
    67 | D        | Reached skill level 27 in Fire Magic
    67 | D        | Killed an accursed
    68 | D        | Reached skill level 27 in Conjurations
    68 | D        | Reached skill level 27 in Hexes
    68 | D        | Reached skill level 27 in Summonings
    68 | D        | Reached skill level 27 in Necromancy
    68 | D        | Reached skill level 27 in Earth Magic
    69 | D        | Reached skill level 27 in Ice Magic
    69 | D        | Reached skill level 27 in Poison Magic
    69 | D        | Killed a meat beast
    69 | D        | Noticed an accursed
    69 | D        | Noticed a tyrant
    70 | D        | Reached skill level 27 in Transmutations
    70 | D        | Reached skill level 27 in Air Magic
    70 | D        | Killed a tyrant
    71 | D        | Reached skill level 27 in Crossbows
    71 | D        | Reached skill level 27 in Shields
    71 | D        | Killed an accursed
    71 | D        | Noticed a tyrant
    72 | D        | Noticed a meat beast
    74 | D        | Noticed a dread
    74 | D        | Noticed a large bag of meat
    75 | D        | Noticed a meat beast
    76 | D        | Killed an accursed
    76 | D        | Killed an accursed
    77 | D        | Killed a meat beast
    77 | D        | Killed a large bag of meat
    79 | D        | Killed a large bag of meat
    79 | D        | Killed a tyrant
    79 | D        | Noticed a meat beast
    80 | D        | Killed a meat beast
    82 | D        | Killed a destroyer
    83 | D        | Killed a meat beast
    83 | D        | Noticed a meat beast
    84 | D        | Noticed a destroyer
    85 | D        | Noticed a dread
    85 | D        | Noticed a destroyer
    85 | D        | Noticed a dread
    88 | D        | Noticed a destroyer
    92 | D        | Killed a destroyer
    93 | D        | Annihilated by a destroyer

Illustrated notes

Levels and vault maps discovered:
D:        meatsprint

Skill      XL: |  1  2  3  4  5  6  7  8  9 10 11 12 13 14 15 16 17 18 19 20 21 22 23 24 25 26 27 |
---------------+----------------------------------------------------------------------------------+-----
Fighting       | 12 16 18 19 27 | 27.0
Axes           | 18 23 26 27 | 27.0
Throwing       | 9 13 14 15 22 26 27 | 27.0
Armour         | 11 15 17 25 27 | 27.0
Dodging        | 9 12 13 14 20 24 27 | 27.0
Invocations    | 18 23 26 27 | 27.0
Stealth        | 15 27 | 27.0
Maces & Flails | 8 15 23 24 27 | 27.0
Polearms       | 8 15 23 24 27 | 27.0
Slings         | 7 13 20 21 25 27 | 27.0
Unarmed Combat | 8 14 23 24 27 | 27.0
Spellcasting   | 6 11 18 22 27 | 27.0
Translocations | 7 12 19 20 23 27 | 27.0
Staves         | 27 | 27.0
Short Blades   | 7 13 27 | 27.0
Long Blades    | 7 14 27 | 27.0
Bows           | 6 12 27 | 27.0
Evocations     | 10 17 27 | 27.0
Conjurations   | 27 | 27.0
Hexes          | 27 | 27.0
Summonings     | 27 | 27.0
Necromancy     | 27 | 27.0
Transmutations | 27 | 27.0
Fire Magic     | 27 | 27.0
Ice Magic      | 27 | 27.0
Air Magic      | 27 | 27.0
Earth Magic    | 27 | 27.0
Poison Magic   | 27 | 27.0
Crossbows      | 27 | 27.0
Shields        | 27 | 27.0

Action                   |  1- 3 |  4- 6 |  7- 9 | 10-12 | 13-15 | 16-18 | 19-21 | 22-24 | 25-27 || total
-------------------------+-------+-------+-------+-------+-------+-------+-------+-------+-------++-------
Melee: Executioner's axe |     1 |       |       |     1 |     2 |     5 |     6 |     6 |    40 ||    61
Invok: Greater Servant o |       |       |       |       |       |       |       |       |     1 ||     1
  Use: Potion            |       |       |       |       |       |       |       |       |     3 ||     3
       Scroll            |       |       |       |       |       |       |       |       |     2 ||     2
 Stab: Distracted        |       |       |       |       |       |       |       |       |     1 ||     1
Armor: Leather armour    |       |       |       |       |       |       |       |       |     1 ||     1
Dodge: Dodged            |       |       |       |       |       |       |       |       |     3 ||     3
